 Dungeon Crawl Stone Soup version 0.31.0-32-g396128a36d (webtiles) character file.

Game seed: 15261874414546309106

1332 Sopa the Carver (level 8, 0/70 HPs)
             Began as a Minotaur Fighter on Mar 22, 2024.
             Slain by a gnoll sergeant
             ... wielding a +0 trident
              (9 damage)
             ... on level 6 of the Dungeon.
             The game lasted 00:13:55 (4680 turns).

Sopa the Carver (Minotaur Fighter)                  Turns: 4680, Time: 00:13:55

Health: 0/70       AC:  8    Str: 33    XL:     8   Next: 34%
Magic:  7/7        EV: 12    Int:  5    God:
Gold:   339        SH:  5    Dex: 12    Spells: 7/7 levels left

rFire   . . .        a - +0 long sword
rCold   . . .        c - +0 buckler
rNeg    . . .        i - +0 ring mail {rPois}
rPois   +            (helmet restricted)
rElec   .            (no cloak)
rCorr   .            r - +1 pair of gloves
SInv    .            (no boots)
Will    .....        (no amulet)
Stlth   +            e - +6 ring of strength
HPRegen 0.31/turn    m - +6 ring of strength
MPRegen 0.10/turn

%: no passive effects
@: no status effects
A: horns 2, retaliatory headbutt
a: no special abilities


You were on level 6 of the Dungeon.
You visited 1 branch of the dungeon, and saw 6 of its levels.

You collected 339 gold pieces.

Inventory:

Hand Weapons
 a - a +0 long sword (weapon)
Missiles
 o - 4 boomerangs (quivered)
Armour
 b - a +0 scale mail
 c - a +0 buckler (worn)
 i - a +0 ring mail of poison resistance (worn)
 p - a +0 pair of gloves
 r - a +1 pair of gloves (worn)
Magical Staves
 s - a staff of cold
Jewellery
 e - a +6 ring of strength (left hand)
 l - a ring of see invisible
 m - a +6 ring of strength (right hand)
Wands
 q - a wand of roots (9)
Scrolls
 d - a scroll of acquirement
 f - 2 scrolls of poison
 g - 3 scrolls of immolation
 j - 2 scrolls of enchant weapon {unknown}
 k - a scroll of noise
 n - a scroll of teleportation {unknown}
 t - 4 scrolls of revelation {unknown}
 u - a scroll of torment {unknown}
 v - a scroll of identify
Potions
 h - 2 potions of brilliance
 w - a potion of resistance {unknown}
 x - a potion of berserk rage {unknown}


   Skills:
 + Level 5.9 Fighting
 + Level 8.1 Long Blades
 + Level 6.8 Armour
 + Level 3.2 Dodging
 + Level 1.1 Stealth
 + Level 5.3 Shields


You had 7 spell levels left.
You didn't know any spells.
Your spell library contained the following spells:

 Spells                   Type           Power      Damage    Failure   Level
 Magic Dart               Conj           0%         1d3       63%         1
 Sandblast                Erth           0%         2d4       63%         1
 Searing Ray              Conj           0%         2d4       77%         2
 Passwall                 Erth           0%         N/A       94%         3
 Stone Arrow              Conj/Erth      0%         3d7       94%         3
 Brom's Barrelling Bould  Conj/Erth      0%         2d3       100%        4
 Fulminant Prism          Conj/Alch      0%         3d5       100%        4


Dungeon Overview and Level Annotations

Branches:
Dungeon (6/15)
 Temple: D:4-7

Altars:
Dithmenos
Makhleb
Nemelex Xobeh
Yredelemnul
Zin


Innate Abilities, Weirdness & Mutations

You have a pair of horns on your head.
You reflexively headbutt those who attack you in melee.


Message History

You headbutt the gnoll, but do no damage.
The gnoll is moderately wounded.
The gnoll hits you with a +0 flail! You block the gnoll sergeant's attack.
You hit the gnoll.
The gnoll is severely wounded.
The gnoll misses you. The gnoll sergeant closely misses you.
You barely miss the gnoll.
The gnoll is severely wounded.
You block the gnoll's attack.
The gnoll sergeant hits you but does no damage.
You hit the gnoll. You headbutt the gnoll.
The gnoll is almost dead.
You block the gnoll's attack.
The gnoll sergeant hits you from afar with a +0 trident!
You slash the gnoll!
You kill the gnoll!
The gnoll sergeant hits you from afar with a +0 trident!
You closely miss the gnoll. You headbutt the gnoll.
The gnoll is lightly wounded.
The gnoll sergeant hits you from afar with a +0 trident.
The gnoll closely misses you.
You barely miss the gnoll. Your headbutt misses the gnoll.
The gnoll is lightly wounded.
The gnoll sergeant hits you from afar with a +0 trident.
You block the gnoll's attack.
You hit the gnoll.
You headbutt the gnoll, but do no damage.
The gnoll is moderately wounded.
The gnoll sergeant hits you from afar with a +0 trident.
* * * LOW HITPOINT WARNING * * *
The gnoll barely misses you.
You hit the gnoll. You headbutt the gnoll.
You kill the gnoll!
The gnoll sergeant hits you from afar with a +0 trident!
* * * LOW HITPOINT WARNING * * *
The gnoll sergeant attacks as it pursues you!
You block the gnoll sergeant's attack.
The gnoll sergeant attacks as it pursues you!
The gnoll sergeant hits you from afar with a +0 trident!
You die...

#...............####.
#....................g
#..######.)...........
#..# #)############ #..#
#)# #..# #.# ##
..#######g####### ..#
........#.#...... ...#
#.......#@#......
(...####.......#.#......
......#..#######.#######
....<....# #.#
..#......# #.#
...#.....## ####.#
#.........###....#
#...............##
##............###


You could see a gnoll sergeant.

Vanquished Creatures
  An orc warrior (D:6)
  2 ice beasts
  A sky beast (D:6)
  2 ogres
  3 bombardier beetles
  2 jellies (D:5)
  2 orc priests
  4 hounds
  4 iguanas
  An orc wizard (D:6)
  5 adders
  14 gnolls
  A white imp (D:5)
  3 ribbon worms
  6 dart slugs
  15 orcs
  4 bats
  6 endoplasms
  2 giant cockroaches
  17 goblins
  8 hobgoblins
  2 jackals (D:4)
  5 quokkas
  4 ball pythons
  3 frilled lizards
  5 kobolds
  6 rats
128 creatures vanquished.

Notes
Turn   | Place    | Note
-------+----------+-------------------------------------------
     0 | D:1      | Sopa the Minotaur Fighter began the quest for the Orb.
     0 | D:1      | Reached XP level 1. HP: 19/19 MP: 0/0
   131 | D:1      | Reached XP level 2. HP: 22/27 MP: 1/1
   351 | D:1      | Found a faded altar of an unknown god.
   643 | D:2      | Reached skill level 3 in Long Blades
   753 | D:2      | Reached XP level 3. HP: 33/33 MP: 2/2
  1435 | D:3      | Reached XP level 4. HP: 39/40 MP: 3/3
  1706 | D:3      | Found a sparkling altar of Nemelex Xobeh.
  1966 | D:3      | Found a shadowy altar of Dithmenos.
  2092 | D:4      | Reached skill level 4 in Long Blades
  2093 | D:4      | Noticed an ice beast
  2102 | D:4      | Killed an ice beast
  2103 | D:4      | Reached skill level 1 in Dodging
  2103 | D:4      | Reached XP level 5. HP: 25/47 MP: 4/4
  2220 | D:4      | Reached skill level 5 in Armour
  2309 | D:4      | Reached skill level 5 in Long Blades
  2309 | D:4      | Reached XP level 6. HP: 53/53 MP: 5/5
  2554 | D:4      | Identified a scroll of acquirement
  2830 | D:4      | Reached skill level 6 in Long Blades
  2923 | D:5      | Entered Level 5 of the Dungeon
  3012 | D:5      | Reached XP level 7. HP: 36/60 MP: 6/6
  3102 | D:5      | Reached skill level 5 in Fighting
  3168 | D:5      | Found a burning altar of Makhleb.
  3561 | D:5      | Reached skill level 7 in Long Blades
  3574 | D:5      | Found a glowing silver altar of Zin.
  3635 | D:5      | Reached skill level 5 in Shields
  3659 | D:5      | Reached skill level 1 in Stealth
  4055 | D:6      | Reached XP level 8. HP: 62/69 MP: 7/7
  4221 | D:6      | Found a basalt altar of Yredelemnul.
  4662 | D:6      | Reached skill level 8 in Long Blades
  4680 | D:6      | Slain by a gnoll sergeant

Illustrated notes

Levels and vault maps discovered:
D:1:      moated_graveyard_arrival, layout_basic,
          dreamdust_ecumenical_altar_grove, minmay_misc_feat_square
D:2:      layout_basic
D:3:      minmay_skewed_foursquare, layout_loops_cross, old_standard_altar,
          nemelex_diamond_rough_becter, marbit_many_paths
D:4:      wad_woods_tower, layout_gridville, serial_bayou_ford_a, st_stairs_5,
          minmay_goblin_outpost
D:5:      layout_gridville, general_overflow_altar,
          mainiacjoe_overflow_tiny_flanked
D:6:      layout_layer_cave, mainiacjoe_overflow_concentric_impassable,
          serial_co_window_serial, co_window_cross_1,
          co_window_of_opportunity_a, co_window_of_opportunity_a,
          co_window_corner_a, co_window_paths_a, co_window_broadway_a,
          co_window_unsneaky_path_b, co_window_2corner, co_window_paths_c,
          co_window_2corner, co_window_corner_b, co_window_paths_e,
          glass_columns_c, glass_columns_b, glass_columns_b

Skill      XL: |  1  2  3  4  5  6  7  8 |
---------------+-------------------------+-----
Fighting       | 4 5 |  5.9
Armour         | 4 5 6 |  6.8
Long Blades    | 3 4 5 6 7 8 |  8.1
Shields        | 4 5 |  5.3
Dodging        | 1 2 3 |  3.2
Stealth        | 1 |  1.1

Action                     |  1- 3 |  4- 6 |  7- 9 || total
---------------------------+-------+-------+-------++-------
  Melee: Long sword        |   109 |   114 |   141 ||   364
         Headbutt          |    17 |    19 |    27 ||    63
    Use: Scroll            |     2 |     4 |     1 ||     7
         Potion            |       |     1 |     1 ||     2
 Armour: Scale mail        |    43 |       |       ||    43
         Ring mail         |    32 |    65 |    72 ||   169
  Dodge: Dodged            |    60 |    55 |    76 ||   191
  Block: Buckler           |    20 |    28 |    35 ||    83
